AoeStats
← NachoFries4886

Nomad

510371693Analyzed
2v2 RM · 23h ago on Sep 30, 2026· 26m 9s· 4 players
Game mode
Random Map
Map size
176×176
Population
200
Speed
Normal
Resources
Standard
Victory
Conquest
Starting age
Dark Age
Ending age
Imperial Age
RankedLock teamsTeams togetherTeam positionsShared explorationLock speedFull tech treeHidden civsTurbo modeCheats
Victory
Defeat
🇬🇧 Mongols · United Kingdom
938
+16
🇧🇪 Malians · Belgium
916
+17
🇹🇷 Turks · Türkiye
954
-18
🇺🇸 Mongols · United States
902
-15
blankityblanko
5:34 Loom
12:48 Feudal Age
14:13 Double-Bit Axe
18:41 Castle Age
17:15 Fishing Lines
18:44 Stone Mining
20:25 Bow Saw
22:05 Fletching
22:15 Padded Archer Armor
23:03 Gold Mining
24:08 Town Watch
24:25 Gillnets
Zarathustra
3:50 Loom
15:29 Feudal Age
16:09 Double-Bit Axe
16:31 Fishing Lines
18:15 Padded Archer Armor
19:54 Wheelbarrow
22:53 Castle Age
21:37 Gold Mining
21:55 Fletching
21:57 Arson
22:06 Man-at-Arms
23:32 Long Swordsman
24:14 Squires
24:11 Bodkin Arrow
24:39 Scale Mail Armor
25:32 Town Watch
Expecto Patronum
21:35 Feudal Age
NachoFries4886
4:29 Loom
16:15 Feudal Age
18:32 Double-Bit Axe
27:33 Castle Age
Connection lost

Rejoining the realm…

Still unreachable

The connection could not be restored.

Session expired

The server has moved on; the page needs a fresh start.